 Dungeon Crawl Stone Soup version 0.28.0 (webtiles) character file.

Game seed: 11503108178337175394

77 hikkokomori the Shield-Bearer (level 4, -4/37 HPs)
             Began as a Formicid Fighter on Feb 8, 2022.
             Slain by a scorpion (6 damage)
             ... on level 2 of the Dungeon.
             The game lasted 00:03:09 (2140 turns).

hikkokomori the Shield-Bearer (Formicid Fighter)    Turns: 2140, Time: 00:03:10

Health: -4/37      AC:  7    Str: 21    XL:     4   Next: 58%
Magic:  4/4        EV:  9    Int:  9    God:
Gold:   124        SH:  4    Dex: 10    Spells: 3/3 levels left

rFire   . . .      SeeInvis +   a - +0 war axe
rCold   . . .      Faith    .   c - +0 buckler
rNeg    . . .      Spirit   .   b - +0 scale mail
rPois   .          Reflect  .   (helmet unavailable)
rElec   .          Harm     .   (no cloak)
rCorr   .          Rampage  .   (no gloves)
Will    .....                   (no boots)
Stlth   ..........              (no amulet)
HPRegen 0.12/turn               (no ring)
MPRegen 0.09/turn               (no ring)

@: lethally poisoned (-4 -> -6), very slow
A: permanent stasis, dig shafts and tunnels, antennae 3, four strong arms
a: Dig, Shaft Self


You were on level 2 of the Dungeon.
You visited 1 branch of the dungeon, and saw 2 of its levels.

You collected 124 gold pieces.

Inventory:

Hand Weapons
 a - a +0 war axe (weapon)
Missiles
 f - 6 poisoned darts
 m - 42 stones
Armour
 b - a +0 scale mail (worn)
 c - a +0 buckler (worn)
Scrolls
 e - a scroll of fog {unknown}
 h - a scroll of amnesia {unknown}
 i - a scroll of fear {unknown}
 k - a scroll of teleportation {unknown}
 l - a scroll of magic mapping {unknown}
 o - a scroll of torment {unknown}
 p - 3 scrolls of noise {unknown}
 q - a scroll of immolation {unknown}
Potions
 d - a potion of might
 g - 2 potions of curing
 j - a potion of cancellation {unknown}
 n - a potion of brilliance {unknown}


   Skills:
 + Level 4.0 Fighting
 + Level 2.7 Axes
 + Level 3.9 Armour
 + Level 4.3 Shields


You had 3 spell levels left.
You didn't know any spells.
Your spell library contained the following spells:

 Spells                   Type           Power      Damage    Failure   Level
 Sandblast                Erth           0%         2d4       78%         1
 Shock                    Conj/Air       0%         1d3       78%         1
 Passwall                 Tmut/Erth      0%         N/A       89%         2
 Stone Arrow              Conj/Erth      0%         3d7       98%         3
 Airstrike                Air            0%         N/A       100%        4
 Swiftness                Air            Unusable   N/A       N/A         3

Dungeon Overview and Level Annotations

Branches:
Dungeon (2/15)

Altars:


Innate Abilities, Weirdness & Mutations

You cannot be hasted, slowed, berserked, paralysed or teleported.
You can dig through walls and to a lower floor.
You have a pair of large antennae on your head. (SInv)
Your four strong arms can wield two-handed weapons with a shield.


Message History

The scorpion is moderately wounded.
The scorpion splashes around in the water.
The endoplasm hits the plant.
The plant begins to die.
The scorpion barely misses you.
You barely miss the scorpion.
The scorpion is moderately wounded.
The scorpion splashes around in the water.
The endoplasm hits the plant.
The scorpion splashes around in the water.
You barely miss the scorpion.
The scorpion is moderately wounded.
The endoplasm hits the plant.
The scorpion splashes around in the water.
The endoplasm splashes around in the water.
You closely miss the scorpion.
The scorpion is moderately wounded.
The scorpion stings you.
You are poisoned.
The scorpion poisons you!
The endoplasm splashes around in the water.
The scorpion splashes around in the water.
You slash the scorpion!
The scorpion is severely wounded.
You feel very sick.
A nearby plant withers and dies.
The scorpion splashes around in the water.
The scorpion closely misses you.
You hit the scorpion.
The scorpion is almost dead.
You feel sick. The scorpion misses you.
You closely miss the scorpion.
The scorpion is almost dead.
You feel sick. The scorpion stings you.
* * * LOW HITPOINT WARNING * * *
The scorpion splashes around in the water.
Unknown command.
Your unstable footing causes you to fumble your attack.
* * * LOW HITPOINT WARNING * * *
You feel sick. The scorpion stings you.
You die...

♣≈≈≈≈≈≈♣≈♣♣♣.###
######...
#♣♣≈≈≈≈≈≈≈≈≈♣≈.##
#.##
♣≈≈≈≈≈≈≈≈≈≈≈♣≈..#
#.#.
♣♣≈≈≈≈≈≈≈≈≈≈P≈P.#
#...
♣≈≈≈≈≈≈≈≈≈≈≈♣♣.#
#.#.
♣≈≈≈≈≈≈≈≈≈≈≈≈♣.#
#.##
♣♣≈≈≈≈≈≈≈≈≈≈♣≈.#
#...
≈≈≈≈≈≈≈≈≈≈≈≈♣.#
####
≈≈≈≈≈≈≈≈≈≈@♣♣.# #
P≈≈≈≈≈≈≈P≈s♣ # #
♣≈≈≈≈≈≈≈≈≈≈J♣ #
≈P≈≈≈≈≈♣≈≈♣ #
♣≈≈≈≈≈≈≈≈≈♣ #
≈≈≈≈♣≈≈≈≈
≈♣≈≈≈≈≈♣≈ ≈≈≈≈P≈
♣


You could see a scorpion and an endoplasm.

Vanquished Creatures
  2 adders (D:2)
  2 worms (D:2)
  A dart slug (D:1)
  8 ball pythons
  4 endoplasms
  4 giant cockroaches
  2 goblins
  3 hobgoblins
  5 jackals (D:2)
  3 frilled lizards (D:2)
  7 kobolds
  6 rats
47 creatures vanquished.

Vanquished Creatures (others)
  16 plants (D:2)
16 creatures vanquished.

Grand Total: 63 creatures vanquished

Notes
Turn   | Place    | Note
-------+----------+-------------------------------------------
     0 | D:1      | hikkokomori the Formicid Fighter began the quest for the
                  | Orb.
     0 | D:1      | Reached XP level 1. HP: 18/18 MP: 1/1
   117 | D:1      | Reached XP level 2. HP: 21/24 MP: 2/2
   509 | D:1      | Reached XP level 3. HP: 29/29 MP: 3/3
  1465 | D:2      | Reached XP level 4. HP: 21/37 MP: 4/4
  1637 | D:2      | Found a faded altar of an unknown god.
  2127 | D:2      | Noticed a scorpion
  2140 | D:2      | Slain by a scorpion

Illustrated notes

Levels and vault maps discovered:
D:1:      lemuel_arrival_tunnels, layout_basic
D:2:      layout_basic, ebering_ecumenical_altar_box, hex_tiny,
          serial_bayou_lake_a

Skill      XL: |  1  2  3  4 |
---------------+-------------+-----
Shields        | 4 |  4.3
Fighting       | 4 |  4.0
Axes           | |  2.7
Armour         | |  3.9

Action                   |  1- 3 |  4- 6 || total
-------------------------+-------+-------++-------
Melee: War axe           |    89 |    47 ||   136
  Use: Potion            |     1 |       ||     1
Armor: Scale mail        |    42 |    18 ||    60
Dodge: Dodged            |    34 |    24 ||    58
Block: Buckler           |    19 |     9 ||    28
